 Dungeon Crawl Stone Soup version 0.15-a0-77-g44c3f01 (webtiles) character file.

153 Herrn the Grave Robber (level 3, 0/21 HPs)
             Began as a Gargoyle Necromancer on Apr 7, 2014.
             Slain by an adder (3 damage)
             ... on Level 2 of the Dungeon.
             The game lasted 00:07:21 (2257 turns).

Herrn the Grave Robber (Gargoyle Necromancer)       Turns: 2257, Time: 00:07:21

HP   0/21        AC 15     Str 11      XL: 3   Next: 60%
MP   6/6         EV  1     Int 15      God:
Gold 109         SH  0     Dex 11      Spells:  1 memorised,  6 levels left

rFire  . . .     SeeInvis .     m - +0 club
rCold  . . .     Clarity  .     g - +0 plate armour
rNeg   + . .     Conserve .     (no shield)
rPois  +         rCorr    .     (no helmet)
rElec  +         rRot     +     t - +0 cloak
SustAb . .       Spirit   .     (no gloves)
rMut   .         Warding  .     u - +0 pair of boots
Saprov . . .     Stasis   .     y - amulet of faith {unknown}
MR     .....                    (no ring)
                                (no ring)

@: not resistant to hostile enchantments, extremely unstealthy
A: life protection 1, electricity resistance, unbreathing, petrification
resistance, AC +3
a: no special abilities


You were on level 2 of the Dungeon.
You were not hungry.

You visited 1 branch of the dungeon, and saw 2 of its levels.

You collected 109 gold pieces.

Inventory:

Hand weapons
 m - a +0,+0 club (weapon)
Armour
 g - a +0 plate armour (worn)
 t - a +0 cloak (worn)
 u - a +0 pair of boots (worn)
Magical devices
 c - a wand of polymorph (9) {unknown}
Comestibles
 a - a rotting chunk of goblin flesh
 v - a rotting chunk of goblin flesh
 w - a chunk of bat flesh
 x - a choko
Scrolls
 f - a scroll of amnesia {unknown}
 j - 2 scrolls of identify {unknown}
 l - 2 scrolls of noise {unknown}
 o - 2 scrolls of remove curse {unknown}
 p - a scroll of enchant weapon II {unknown}
 q - a scroll of magic mapping {unknown}
 r - a scroll of recharging {unknown}
 s - a scroll of enchant armour {unknown}
Jewellery
 k - an uncursed amulet of faith {unknown}
 y - an amulet of faith (around neck) {unknown}
Potions
 d - 2 potions of might {unknown}
 e - a potion of magic {unknown}
 h - a potion of mutation {unknown}
 i - 5 potions of curing {unknown}
 n - a potion of flight {unknown}
Books
 b - a book of Necromancy

   Spells                             Type                      Level
   *Pain                              Necromancy                   1
   Animate Skeleton                   Necromancy                   1
   Lethal Infusion                    Charms/Necromancy            2
   Vampiric Draining                  Necromancy                   3
   Regeneration                       Charms/Necromancy            3
   Animate Dead                       Necromancy                   4
   Control Undead                     Necromancy                   4


   Skills:
 * Level 1.6 Fighting
 + Level 2.1 Dodging
 - Level 2.1 Stealth
 * Level 2.6 Spellcasting
 - Level 3.2 Necromancy


You had 6 spell levels left.
You knew the following spells:

 Your Spells              Type           Power        Failure   Level  Hunger
a - Pain                  Necr           ##..         100%        1    #......


Dungeon Overview and Level Annotations

Branches:
Dungeon (2/15)

Altars:
Elyvilon


Innate Abilities, Weirdness & Mutations

You are resistant to torment.
You are immune to poison.
You are immune to rotting.
Your stone body is very resilient (AC +3).
You resist negative energy.
You are resistant to electric shocks.
You can survive without breathing.
You are immune to petrification.


Message History

You completely miss the adder.
The adder is moderately wounded.
The adder bites you. The adder bites you but does no damage.
You smell something rotten. (slot v)
You hit the adder.
The adder is heavily wounded.
The adder bites you.
You closely miss the adder.
The adder is moderately wounded.
The adder bites you but does no damage. x2
You closely miss the adder.
The adder is moderately wounded.
The adder bites you.
* * * LOW HITPOINT WARNING * * *
The adder bites you.
* * * LOW HITPOINT WARNING * * *
You closely miss the adder.
The adder is moderately wounded.
The adder bites you but does no damage. The adder bites you.
You die...

## ### ..
#..
#####.###
.... #...
?.. #.#
######.###.#
#......@S.!#
#.####.###.#
#.####.# ...
#......#
S### ###
#.###### .#
.... #.# ..
### #.# ..
#.# .. #.# .


You could see an adder.

Vanquished Creatures
  2 adders (D:2)
  An ooze (D:1)
  5 bats
  7 goblins
  3 hobgoblins
  2 giant newts (D:1)
  A kobold (D:2)
  8 rats
29 creatures vanquished.

Notes
Turn   | Place    | Note
--------------------------------------------------------------
     0 | D:1      | Herrn, the Gargoyle Necromancer, began the quest for the Orb.
     0 | D:1      | Reached XP level 1. HP: 10/10 MP: 3/3
   478 | D:1      | Reached skill level 1 in Fighting
   478 | D:1      | Reached XP level 2. HP: 13/16 MP: 4/4
  1604 | D:2      | Reached XP level 3. HP: 1/21 MP: 0/6
  2090 | D:2      | Found a white marble altar of Elyvilon.
  2257 | D:2      | Slain by an adder

Action                   || total
-------------------------++-------
Melee: Unarmed           ||    86
       Club              ||    87
 Cast: Pain              ||    15
 Stab: Sleeping          ||     3
